[Event "Asian Amateur-ch Open 2022"]
[Site "Muscat"]
[Date "2022.10.02"]
[Round "2.21"]
[White "Al Mamari, Ali Abdullah"]
[Black "Sharma Pankaj"]
[Result "0-1"]
[ECO "C00"]
[WhiteElo "1509"]
[BlackElo "1764"]
[Annotator "NA RC COMBH"]
[PlyCount "104"]
[EventDate "2022.09.29"]
[EventType "swiss"]
[SourceTitle "playchess.com"]
[Source "ChessBase"]
[SourceQuality "1"]
[TimeControl "5400+30"]

1. e4 e6 2. d3 d5 3. Nd2 Nf6 4. Ngf3 c5 5. g3 b6 6. Bg2 Bb7 7. O-O Nc6 8. Re1 Be7 9. c3 dxe4 10. dxe4 Qc7 11. Nc4 Rd8 12. Qc2 b5 13. Bf4 Qc8 14. Nce5 O-O 15. Rad1 Qa8 16. Ng5 Nxe5 17. Bxe5 h6 18. Bxf6 Bxf6 19. Nh3 c4 20. Nf4 Be7 21. e5 Bxg2 22. Nxg2 Bc5 23. Qe2 Rxd1 24. Rxd1 Rd8 25. Rxd8+ Qxd8 26. Kf1 Qd5 27. f3 Bb6 28. Ke1 Qc5 29. Kd2 Qg1 30. Kc2 Qxh2 31. g4 g5 32. a3 Bc7 33. Kb1 Qxe5 34. Qd1 Bb6 35. Ka2 Bf2 36. Qd2 Qg3 37. Ne3 Qxf3 38. Qd8+ Kh7 39. Nc2 Qxg4 40. Nb4 Qf3 41. Qe8 Bc5 42. Nc6 Qf6 43. Nb8 Bd6 44. Nc6 g4 45. Qd7 Bc5 46. Nd8 Kg7 47. Nb7 Bf8 48. Qxb5 g3 49. Qxc4 g2 50. Qg4+ Qg5 51. Qd4+ Kh7 52. Qg1 Qd5+ 0-1

[Event "Asian Amateur-ch Open 2022"]
[Site "Muscat"]
[Date "2022.10.02"]
[Round "2.22"]
[White "Said Ahmed Ali Jidal Fadhil"]
[Black "Al Balushi, Said"]
[Result "1/2-1/2"]
[ECO "A91"]
[WhiteElo "1755"]
[BlackElo "1495"]
[Annotator "NA RC COMBH"]
[PlyCount "76"]
[EventDate "2022.09.29"]
[EventType "swiss"]
[SourceTitle "playchess.com"]
[Source "ChessBase"]
[SourceQuality "1"]
[TimeControl "5400+30"]

1. d4 f5 2. g3 Nf6 3. Bg2 e6 4. Nh3 Be7 5. O-O O-O 6. c4 d6 7. Nc3 c6 8. Nf4 Qc7 9. d5 e5 10. Ne6 Bxe6 11. dxe6 Na6 12. Qc2 e4 13. Bh3 Nh5 14. a3 Nc5 15. b4 Nxe6 16. e3 Ng5 17. Bg2 Nf6 18. Bb2 Ng4 19. Ne2 Bf6 20. Bxf6 Rxf6 21. h4 Nf7 22. Bh3 Nfe5 23. Bxg4 Nxg4 24. Kg2 Ne5 25. Nf4 Ng6 26. Nxg6 Rxg6 27. Rad1 Qe7 28. b5 Qxh4 29. Rxd6 Qg4 30. Rxg6 Qxg6 31. Rd1 Qe6 32. c5 cxb5 33. Rd6 Qf7 34. Qd2 Re8 35. Rd7 Re7 36. Rd8+ Re8 37. Rd7 Re7 38. Rd8+ Re8 1/2-1/2

[Event "Asian Amateur-ch Open 2022"]
[Site "Muscat"]
[Date "2022.10.02"]
[Round "2.23"]
[White "Al Darwashi, Usama"]
[Black "Jaradat, Othman"]
[Result "0-1"]
[ECO "E05"]
[WhiteElo "1489"]
[BlackElo "1751"]
[Annotator "NA RC COMBH"]
[PlyCount "42"]
[EventDate "2022.09.29"]
[EventType "swiss"]
[SourceTitle "playchess.com"]
[Source "ChessBase"]
[SourceQuality "1"]
[TimeControl "5400+30"]

1. d4 e6 2. c4 d5 3. Nf3 Nf6 4. g3 Be7 5. Bg2 dxc4 6. Qc2 b5 7. a4 c6 8. O-O Bb7 9. b3 cxb3 10. Qxb3 a6 11. Rd1 O-O 12. Bf4 Nbd7 13. Na3 Nb6 14. axb5 cxb5 15. Rac1 Nfd5 16. Rc2 Nxf4 17. gxf4 Qd6 18. Nxb5 axb5 19. Qxb5 Be4 20. Rc5 Rfb8 21. e3 Nd7 0-1

[Event "Asian Amateur-ch Open 2022"]
[Site "Muscat"]
[Date "2022.10.02"]
[Round "2.24"]
[White "Krishanu Sai"]
[Black "Shelke Omkar"]
[Result "1-0"]
[ECO "B47"]
[WhiteElo "1748"]
[BlackElo "1460"]
[Annotator "NA RC COMBH"]
[PlyCount "129"]
[EventDate "2022.09.29"]
[EventType "swiss"]
[SourceTitle "playchess.com"]
[Source "ChessBase"]
[SourceQuality "1"]
[TimeControl "5400+30"]

1. e4 c5 2. Nf3 e6 3. d4 cxd4 4. Nxd4 a6 5. Nc3 Qc7 6. Be2 Nf6 7. O-O Nc6 8. Nxc6 bxc6 9. Be3 d5 10. exd5 cxd5 11. Bf3 Bd6 12. g3 O-O 13. Qd3 Bb7 14. Rfe1 Rac8 15. Rac1 Rfd8 16. Ne2 e5 17. Bg2 Ng4 18. Bh3 h5 19. Bg5 f6 20. Bd2 Bc5 21. Rf1 Qb6 22. Qf5 Rc7 23. b4 Bf8 24. Qxh5 Nh6 25. Qg6 Kh8 26. g4 d4 27. g5 Qc6 28. f3 fxg5 29. Qxc6 Rxc6 30. Ng3 Be7 31. Rfe1 Bf6 32. Ne4 Nf7 33. a4 Bc8 34. Bf1 Bf5 35. b5 axb5 36. axb5 Rcc8 37. b6 Bxe4 38. fxe4 Rd6 39. Rb1 Rb8 40. Ba5 Nd8 41. Rb5 Nc6 42. Bd2 Nd8 43. Reb1 Rc6 44. Bd3 Nb7 45. Bb4 Nd6 46. Bxd6 Rxd6 47. b7 Kg8 48. Kf2 Kf8 49. Kf3 Ke7 50. Kg4 Rdd8 51. Bc4 Rh8 52. Kg3 Kd7 53. Bd5 Kc7 54. Rc5+ Kd6 55. Rc6+ Kd7 56. Ra6 Kc7 57. Rb5 Be7 58. Rc6+ Kd7 59. Rc4 Bd6 60. Ra5 Bc7 61. Ra6 Bd8 62. Rc8 Bf6 63. Rxh8 Rxh8 64. Ra8 Kc7 65. Rxh8 1-0

[Event "Asian Amateur-ch Open 2022"]
[Site "Muscat"]
[Date "2022.10.02"]
[Round "2.25"]
[White "Hamdan Edrees, Alhamed"]
[Black "Srivatsan Karthikeyan"]
[Result "0-1"]
[ECO "C88"]
[WhiteElo "1467"]
[BlackElo "1711"]
[Annotator "NA RC COMBH"]
[PlyCount "86"]
[EventDate "2022.09.29"]
[EventType "swiss"]
[SourceTitle "playchess.com"]
[Source "ChessBase"]
[SourceQuality "1"]
[TimeControl "5400+30"]

1. e4 e5 2. Nf3 Nc6 3. Bb5 a6 4. Ba4 Nf6 5. O-O Be7 6. Re1 b5 7. Bb3 O-O 8. a4 b4 9. d3 d6 10. h3 Na5 11. Ba2 c5 12. Nbd2 h6 13. Nc4 Nxc4 14. Bxc4 Be6 15. Nd2 Qd7 16. Bxe6 Qxe6 17. Nc4 Nh7 18. f4 exf4 19. Bxf4 Rad8 20. Ne3 Bf6 21. Rb1 Bd4 22. Kh1 Bxe3 23. Bxe3 f5 24. exf5 Qxf5 25. Qe2 Rde8 26. d4 cxd4 27. Qc4+ d5 28. Qxd4 Re4 29. Qd2 Rfe8 30. Bd4 a5 31. c3 Ng5 32. Rf1 Qe6 33. cxb4 Re2 34. Qc3 axb4 35. Qc7 Re7 36. Qb8+ Kh7 37. Qg3 Ne4 38. Qd3 Rd2 39. Qe3 Qg6 40. g4 Nf2+ 41. Qxf2 Rxf2 42. Bxf2 Re2 43. a5 Rxf2 0-1

[Event "Asian Amateur-ch Open 2022"]
[Site "Muscat"]
[Date "2022.10.02"]
[Round "2.26"]
[White "Ranjith, R.k."]
[Black "Fadhil, khalid Ali"]
[Result "1-0"]
[ECO "B23"]
[WhiteElo "1706"]
[BlackElo "1451"]
[Annotator "NA RC COMBH"]
[PlyCount "38"]
[EventDate "2022.09.29"]
[EventType "swiss"]
[SourceTitle "playchess.com"]
[Source "ChessBase"]
[SourceQuality "1"]
[TimeControl "5400+30"]

1. e4 c5 2. Nc3 g6 3. d4 e6 4. Nf3 a6 5. Be3 b6 6. d5 d6 7. a4 Bg7 8. dxe6 Bxe6 9. Qd2 Ne7 10. O-O-O O-O 11. Bh6 Nbc6 12. h4 b5 13. h5 g5 14. Qxg5 Nf5 15. exf5 Qxg5+ 16. Bxg5 Bxf5 17. Rxd6 Nb4 18. Bd3 Bxd3 19. cxd3 Rad8 1-0

[Event "Asian Amateur-ch Open 2022"]
[Site "Muscat"]
[Date "2022.10.02"]
[Round "2.27"]
[White "Shaurya Dinesh Sawlani"]
[Black "Velavaa Ragavesh"]
[Result "0-1"]
[ECO "B52"]
[WhiteElo "1448"]
[BlackElo "1698"]
[Annotator "NA RC COMBH"]
[PlyCount "86"]
[EventDate "2022.09.29"]
[EventType "swiss"]
[SourceTitle "playchess.com"]
[Source "ChessBase"]
[SourceQuality "1"]
[TimeControl "5400+30"]

1. e4 c5 2. Nf3 d6 3. Bb5+ Bd7 4. Bxd7+ Nxd7 5. d3 g6 6. O-O Bg7 7. Nc3 Ngf6 8. Re1 O-O 9. h3 h6 10. Be3 e5 11. Nd2 Nb6 12. Ne2 Ne8 13. g4 Qh4 14. Kg2 f5 15. exf5 gxf5 16. gxf5 Rxf5 17. Ng3 Rf7 18. Qg4 Qxg4 19. hxg4 Nf6 20. f3 Nfd5 21. c4 Nb4 22. Nf5 Rxf5 23. gxf5 Nc2 24. Ne4 Nxa1 25. Rxa1 d5 26. Nxc5 dxc4 27. Kf2 Kf7 28. Ne6 cxd3 29. Bxb6 axb6 30. Ke3 Bf8 31. Kxd3 Kf6 32. Ke4 Ra4+ 33. Kd5 Be7 34. Rg1 Rxa2 35. Ng7 Ra5+ 36. Ke4 Ra4+ 37. Kd3 Rh4 38. Rg6+ Kf7 39. Ne6 Bf6 40. Nc7 Rf4 41. Nd5 Rd4+ 42. Ke3 Rxd5 43. Rxh6 Bg5+ 0-1

[Event "Asian Amateur-ch Open 2022"]
[Site "Muscat"]
[Date "2022.10.02"]
[Round "2.28"]
[White "Al Amri, Mohammed A"]
[Black "Al Mamari Mohammed Salim"]
[Result "1-0"]
[ECO "B51"]
[WhiteElo "1693"]
[BlackElo "1685"]
[Annotator "NA RC COMBH"]
[PlyCount "97"]
[EventDate "2022.09.29"]
[EventType "swiss"]
[SourceTitle "playchess.com"]
[Source "ChessBase"]
[SourceQuality "1"]
[TimeControl "5400+30"]

1. e4 c5 2. Nf3 d6 3. Nc3 Nf6 4. Bb5+ Nbd7 5. O-O a6 6. Bc4 b5 7. Bd5 Nxd5 8. Nxd5 e6 9. Ne3 Bb7 10. d3 Be7 11. b3 O-O 12. Bb2 Bf6 13. c3 b4 14. Qc2 Bxc3 15. Bxc3 bxc3 16. Qxc3 Rc8 17. Rac1 f5 18. Qc2 fxe4 19. dxe4 Rf4 20. Nd2 Ne5 21. f3 a5 22. Ndc4 Ba6 23. Nxe5 Bxf1 24. N5g4 Ba6 25. Qd2 h5 26. Nf2 Rf7 27. h3 Rd7 28. Kh2 d5 29. exd5 exd5 30. Rd1 d4 31. Nc4 Bxc4 32. bxc4 Rb7 33. Ne4 Rb4 34. Qc2 Qc7+ 35. Kg1 Qb6 36. Nd2 Re8 37. Ne4 Rd8 38. Ng5 d3 39. Rxd3 Rxd3 40. Qxd3 g6 41. Qd5+ Kg7 42. Qd7+ Kh6 43. Nf7+ Kg7 44. Nd6+ Kh6 45. f4 Rb1+ 46. Kh2 Qb2 47. Nf7+ Kg7 48. Ng5+ Kf6 49. Qf7# 1-0

[Event "Asian Amateur-ch Open 2022"]
[Site "Muscat"]
[Date "2022.10.02"]
[Round "2.29"]
[White "Al Hinai, Qusay"]
[Black "Ibnu, Iwan Schani"]
[Result "1/2-1/2"]
[ECO "E33"]
[WhiteElo "1201"]
[BlackElo "1689"]
[Annotator "NA RC COMBH"]
[PlyCount "125"]
[EventDate "2022.09.29"]
[EventType "swiss"]
[SourceTitle "playchess.com"]
[Source "ChessBase"]
[SourceQuality "1"]
[TimeControl "5400+30"]

1. d4 Nf6 2. c4 e6 3. Nc3 Bb4 4. Qc2 Nc6 5. Nf3 O-O 6. e4 d6 7. e5 dxe5 8. dxe5 Ng4 9. a3 Bxc3+ 10. Qxc3 f6 11. exf6 Qxf6 12. Qxf6 Nxf6 13. Be2 e5 14. Be3 a5 15. O-O Bf5 16. h3 Rad8 17. Rfd1 Bc2 18. Rxd8 Rxd8 19. Rc1 Bb3 20. Nd2 a4 21. Nxb3 axb3 22. Kf1 Ne4 23. Ke1 Nd4 24. Bxd4 exd4 25. Bf3 Nc5 26. Kd2 Re8 27. Ra1 Kf7 28. a4 Kf6 29. Ra3 c6 30. a5 Re5 31. a6 bxa6 32. Bxc6 Re6 33. Bf3 Re5 34. Ra1 h5 35. Rf1 h4 36. g4 Kg5 37. Bd5 Kf4 38. Ra1 d3 39. Re1 Rxe1 40. Kxe1 a5 41. Kd2 g5 42. Kc3 a4 43. Bc6 Ke5 44. Ba8 Ne6 45. Kxd3 Nf4+ 46. Kc3 Nxh3 47. Kb4 Nxf2 48. Kxa4 Nxg4 49. Kb5 Kd6 50. Kb6 Ne5 51. c5+ Ke6 52. c6 Nc4+ 53. Kb7 Nd6+ 54. Kb6 g4 55. c7 h3 56. Bb7 g3 57. c8=Q+ Nxc8+ 58. Bxc8+ Kd5 59. Bxh3 Kd4 60. Kb5 Kd3 61. Kb4 Kc2 62. Bg2 Kxb2 63. Bd5 1/2-1/2

[Event "Asian Amateur-ch Open 2022"]
[Site "Muscat"]
[Date "2022.10.02"]
[Round "2.30"]
[White "kloub.M"]
[Black "Humaidan Mohamed, Alzaabi"]
[Result "0-1"]
[ECO "E67"]
[WhiteElo "1687"]
[BlackElo "1393"]
[Annotator "NA RC COMBH"]
[PlyCount "66"]
[EventDate "2022.09.29"]
[EventType "swiss"]
[SourceTitle "playchess.com"]
[Source "ChessBase"]
[SourceQuality "1"]
[TimeControl "5400+30"]

1. d4 Nf6 2. c4 g6 3. Nf3 Bg7 4. g3 O-O 5. Bg2 d6 6. Nc3 Nbd7 7. O-O e5 8. dxe5 dxe5 9. e4 Qe7 10. Qc2 c6 11. Rd1 Ne8 12. Bg5 f6 13. Be3 Nc5 14. Bxc5 Qxc5 15. Na4 Qe7 16. Qd2 Be6 17. b3 f5 18. Nc3 f4 19. Rac1 Bg4 20. Qe2 Nc7 21. h3 Bxf3 22. Bxf3 fxg3 23. fxg3 Bh6 24. Rb1 Ne6 25. h4 Nd4 26. Rxd4 exd4 27. Nd1 Qf6 28. Bg4 d3 29. Qxd3 Rad8 30. Qe2 Rd2 31. e5 Qd8 32. Qe4 Qb6+ 33. Kh1 Rf1# 0-1

[Event "Asian Amateur-ch Open 2022"]
[Site "Muscat"]
[Date "2022.10.02"]
[Round "3.1"]
[White "Junaid Sohail"]
[Black "Jaradat, Othman"]
[Result "1-0"]
[ECO "D37"]
[WhiteElo "1981"]
[BlackElo "1751"]
[Annotator "TA"]
[PlyCount "71"]
[EventDate "2022.09.29"]
[EventType "swiss"]
[SourceTitle "playchess.com"]
[Source "ChessBase"]
[SourceQuality "1"]
[TimeControl "5400+30"]

1. d4 e6 2. c4 d5 3. Nf3 Nf6 4. Nc3 Be7 5. Bf4 O-O 6. e3 a6 7. c5 Nbd7 {[%emt 0:04:02] D37: Queen's Gambit Declined: 5 Bf4.} 8. b4 c6 9. a3 {[%emt 0:03:01] White is more active.} Ne4 {[%emt 0:08:46] White is slightly better.} 10. Nxe4 dxe4 11. Nd2 {[%emt 0:05:10][%cal Bf3d2,Bd2c4,Bc4b6][%mdl 32] [#]} f5 $146 ({Predecessor:} 11... Nf6 12. Qc2 Nd5 13. Qxe4 f5 14. Qc2 Nxf4 15. exf4 Bf6 16. Nf3 Qc7 17. Ne5 Qd8 {1-0 (44) Mayrhuber,F (1861)-Gockner,H Vienna 2012}) 12. Nc4 {[%emt 0:03:05] Prevents a5.} g5 13. Be5 Nxe5 14. dxe5 ({Don't do} 14. Nxe5 Kg7 $14) 14... Qd5 (14... a5 $16) 15. Qc2 ({Worse is} 15. Nb6 Qxe5 16. Ra2 (16. Nxa8 $2 {too greedy.} Qc3+ 17. Ke2 f4 $19) 16... Rd8 $11) 15... Qd8 16. Nb6 Rb8 17. Bc4 Re8 18. Rd1 Qc7 19. Qc3 Bf8 20. O-O Bg7 21. Rd6 {[%emt 0:00:02] Rfd1 is the strong threat.} Bf8 22. Rfd1 {[%emt 0:01:07][%cal Od6d7] [#] And now Rd7! would win.} Re7 {[%emt 0:10:42] Inhibits Rd7.} (22... Bxd6 23. exd6 Qg7 24. Qxg7+ Kxg7) 23. Rd8 $18 Kf7 24. R1d6 Bg7 25. Qd4 Bf8 26. a4 Bg7 27. Nxc8 Rxc8 28. R8d7 Qb8 29. Bxe6+ Ke8 30. Rxe7+ Kxe7 31. Bxc8 Qxc8 {[%emt 0:00:06] KQR-KQB} 32. g4 f4 33. h3 fxe3 34. Qxe3 h6 35. Qxe4 Qh8 36. e6 {[%emt 0:00:11] Black got outplayed after the opening.  Weighted Error Value: White=0.06 (flawless) /Black=0.78} 1-0

[Event "Asian Amateur-ch Open 2022"]
[Site "Muscat"]
[Date "2022.10.02"]
[Round "3.2"]
[White "Srivatsan Karthikeyan"]
[Black "Owlad, Ehsan"]
[Result "1-0"]
[ECO "C01"]
[WhiteElo "1711"]
[BlackElo "1962"]
[Annotator "TA"]
[PlyCount "85"]
[EventDate "2022.09.29"]
[EventType "swiss"]
[SourceTitle "playchess.com"]
[Source "ChessBase"]
[SourceQuality "1"]
[TimeControl "5400+30"]

1. e4 e6 2. d4 d5 3. exd5 exd5 4. Bd3 Nf6 5. Ne2 Bd6 6. Bg5 Bg4 {[%emt 0:05:52] C01: French: Exchange Variation.} 7. f3 Bd7 8. Nbc3 c6 {[%emt 0:00:58] White is slightly better.} 9. Qd2 {[%emt 0:05:58] [#]} h6 $146 ({Predecessor:} 9... O-O 10. O-O-O Be7 11. g4 b5 12. Ng3 b4 13. Na4 Qa5 14. b3 c5 15. dxc5 Bxa4 16. bxa4 Qxc5 {1-0 (52) Kuvsinov,A (2011)-Nineuil,V (1870) Panevezys 2010}) 10. Bh4 b5 11. O-O Qc7 (11... Be6 $11 {remains equal.}) 12. Bg3 (12. Ng3 g5 13. Rae1+ Kf8 14. Bxg5 hxg5 15. Qxg5 Bxg3 16. hxg3 (16. Qxf6 $2 Bxh2+ 17. Kf2 Bg3+ 18. Kg1 Rh5 $19) 16... Qd6 $15) (12. Bxf6 $16 gxf6 13. f4) 12... O-O $11 13. Nd1 Nh5 (13... a5 $11) 14. Bxd6 $14 Qxd6 15. g4 (15. Ne3 {feels hotter.} Re8 16. Ng4 Na6 17. c3) 15... Nf6 16. Ne3 Na6 17. c3 Nc7 18. Kh1 Rfe8 19. Rae1 Re7 20. Ng3 Qf4 {[%emt 0:08:08] aiming for ...Rae8.} 21. Qf2 Rae8 22. Ng2 Qd6 (22... Nxg4 $2 23. Qc2 (23. Nxf4 $2 Nxf2+ 24. Kg2 Rxe1 $19) 23... Rxe1 24. Nxf4 $18) 23. Ne3 {[%emt 0:08:07] Strongly threatening Ngf5.} g6 {[%emt 0:01:01] Prevents Ngf5.} 24. h3 $2 {[%emt 0:01:51] [#]} (24. Ng2 $11 {and White is okay.}) 24... h5 $2 (24... Rxe3 $1 $19 25. Rxe3 Rxe3 26. Qxe3 Qxg3) 25. Rg1 hxg4 26. fxg4 Ne4 $2 (26... a5 $11) 27. Bxe4 $18 dxe4 {[%emt 0:00:25] [#]} 28. Ngf5 $1 Bxf5 (28... gxf5 $2 29. gxf5+ Kf8 30. f6 $18) 29. Nxf5 Qf6 (29... gxf5 $2 30. gxf5+ Kf8 31. f6 $18 (31. Qg2 Rd7 $11)) 30. Nxe7+ Qxe7 31. Re2 Nd5 {[%emt 0:01:02] [#]} 32. Rge1 $1 e3 33. Qf3 Qg5 {[%emt 0:04:15] [#]} (33... Kg7 $16 34. b3 Qd6) 34. b3 $1 Nxc3 35. Rxe3 Rxe3 36. Qxe3 {[%emt 0:02:39][%mdl 4096] Endgame KQR-KQN} ({Don't do} 36. Rxe3 Nd5 37. Re2 (37. Re8+ Kg7 $16) 37... Kg7 $18) 36... Qd5+ (36... Qxe3 {is a better defense.} 37. Rxe3 Nxa2) 37. Kh2 Nxa2 38. Qe5 (38. Qf2 $142 {Black must now prevent Qf6.} Qd6+ 39. Kg1) 38... Qd7 $2 (38... Qf3 39. Qe3 Qxe3 40. Rxe3 Kg7) 39. Qc5 {[%emt 0:03:07] And now Re7 would win.} a5 40. Re7 Qd5 41. Re8+ {[%emt 0:01:32] White mates.} Kh7 42. Qe7 g5 43. Qf6 {[%emt 0:18:04] Weighted Error Value: White=0.35/Black=0.62} 1-0

[Event "Asian Amateur-ch Open 2022"]
[Site "Muscat"]
[Date "2022.10.02"]
[Round "3.4"]
[White "Velavaa Ragavesh"]
[Black "Salim Mohammed, Salim Al Amri"]
[Result "1-0"]
[ECO "B31"]
[WhiteElo "1698"]
[BlackElo "1952"]
[Annotator "TA"]
[PlyCount "145"]
[EventDate "2022.09.29"]
[EventType "swiss"]
[SourceTitle "playchess.com"]
[Source "ChessBase"]
[SourceQuality "1"]
[TimeControl "5400+30"]

1. e4 c5 2. Nf3 Nc6 3. Bb5 g6 4. c3 Nf6 5. Qe2 Bg7 6. d4 {[%emt 0:03:03] B31: Sicilian: 2...Nc6 3 Bb5 g6.} cxd4 7. cxd4 a6 8. Bc4 {[%emt 0:03:03] [#]} (8. Bxc6 $11 bxc6 9. O-O) 8... b5 $146 (8... d5 $15 {is superior.} 9. exd5 Na5) ({Predecessor:} 8... d5 9. exd5 Nxd5 10. Nc3 Be6 11. Be3 Rc8 12. Bxd5 Bxd5 13. Nxd5 Qxd5 14. O-O O-O {0-1 (44) Mitsiou,G (1522)-Stefanou,K (2048) Thessaloniki 2022}) 9. Bb3 $11 d5 10. exd5 (10. e5 $11 {deserves consideration.} Ne4 11. O-O (11. Nc3 Nxc3 12. bxc3 Na5 $11)) 10... Nxd5 11. Nc3 Be6 12. Qe4 Ncb4 13. Nxd5 Bxd5 14. Bxd5 Qxd5 15. Qxd5 Nxd5 16. Bd2 {[%emt 0:00:38] Against Nb4} O-O 17. O-O-O Rfc8+ 18. Kb1 Rc4 19. Rhe1 Rd8 (19... Bxd4 $2 20. b3 Bxf2 21. bxc4 Bxe1 22. Bxe1 $18 (22. cxd5 Bxd2 23. Rxd2 Rd8 $16)) 20. Rc1 Rdc8 21. Rxc4 bxc4 22. Kc2 e6 23. g3 Bf8 24. Bc3 a5 25. a3 a4 26. Nd2 Be7 27. Nf1 Nxc3 (27... h5 $11 {keeps the balance.}) 28. bxc3 {[%emt 0:00:00][%mdl 4096] Endgame KRB-KRN} (28. Kxc3 $6 Bd6 $11) 28... Rb8 29. Nd2 Rc8 (29... Bxa3 $142 30. Ra1 (30. Nxc4 Be7 $16) 30... Rb2+ 31. Kd1 Bf8) 30. Re5 $16 Bxa3 31. Ra5 {[%emt 0:00:00] Prevents Ra8.} Be7 32. Rxa4 h5 33. h4 g5 34. hxg5 ({Stronger than} 34. Rxc4 Rxc4 35. Nxc4 gxh4 $15) ({Worse is} 34. Nxc4 gxh4 35. Kd3 Kg7 $14) 34... Bxg5 35. Nxc4 h4 36. gxh4 Bxh4 37. f3 Bf6 (37... Kf8 $16 38. Nd6 Rd8) 38. Kd3 $18 Rb8 39. Nd6 Be7 40. Ne4 Rb1 41. Ra7 ({Better is} 41. c4 $18) 41... Kf8 $16 42. Ra8+ Kg7 43. Ra2 Rf1 44. Nd2 Re1 45. Ra5 {[%emt 0:00:00] Against Bg5} Kg6 46. Nc4 f6 {[%emt 0:00:57] Against Ne5+} (46... Bf6 $16 47. f4 Rd1+ 48. Ke4 Rc1) 47. Ne3 $1 $18 Bf8 {[%emt 0:00:59] [#]} (47... f5 $16 48. Ra6 Kf7) 48. Ra6 (48. Ng2 $1 $18 {[%cal Rg2e1] and the rest is easy.} Rh1 49. Nf4+ Kf7 50. Ra6) 48... Kf7 $16 49. Ra7+ Kg6 50. Ra2 Bh6 51. Re2 Rc1 {[%emt 0:06:52][%mdl 8192] [#] This costs Black the game.} (51... Rh1 $16 52. Ng4 Kf7) 52. Ng4 $1 $18 Bg5 53. Rxe6 Rd1+ 54. Kc4 Rf1 55. d5 Kf7 56. Kb5 Rxf3 57. c4 Rb3+ $2 (57... Rf4 58. Ne3 Rf3) 58. Kc6 Ra3 59. Re2 Rg3 (59... Ra6+ $142 60. Kc5 Bf4) 60. Nf2 f5 61. d6 Rc3 62. c5 {[%emt 0:00:18] Hoping for d7.} Bf6 63. d7 Be7 64. Re5 Kf6 65. Rd5 Bd8 66. Nd3 {[%emt 0:00:12] Black must now prevent Kb7.} Ra3 67. Kb7 {[%emt 0:01:21] Intending c6 and mate.} Ra5 68. Nf4 (68. Nb4 $142 Ke6 69. Rd6+ Kf7 70. Nc6 Rb5+ 71. Ka6) 68... Ra4 {[%emt 0:00:41] [#]} 69. c6 $1 {[%emt 0:01:34] Threatening mate with c7.} Rxf4 (69... Rc4 70. Rd3) 70. c7 {[%emt 0:00:01] White mates.} Rb4+ 71. Kc8 Bxc7 72. Kxc7 Rc4+ 73. Kd6 {[%emt 0:00:02] Weighted Error Value: White=0.15 (very precise) /Black=0.34} 1-0

[Event "Asian Amateur-ch Open 2022"]
[Site "Muscat"]
[Date "2022.10.02"]
[Round "3.5"]
[White "Thapa, Krishna"]
[Black "Ranjith, R.k."]
[Result "1-0"]
[ECO "A81"]
[WhiteElo "1928"]
[BlackElo "1706"]
[Annotator "TA"]
[PlyCount "53"]
[EventDate "2022.09.29"]
[EventType "swiss"]
[SourceTitle "playchess.com"]
[Source "ChessBase"]
[SourceQuality "1"]
[TimeControl "5400+30"]

1. d4 f5 2. g3 e6 3. Bg2 Nf6 4. Bg5 Be7 5. Nd2 O-O 6. Nh3 {[%emt 0:01:28] A81: Dutch Defence: 2 g3.} d6 7. c3 {[%emt 0:04:11] [#]} Nc6 $146 ({Predecessor:} 7... c6 8. Qb3 Qe8 9. O-O h6 10. Bxf6 Bxf6 11. e4 d5 12. exd5 exd5 13. Rae1 Qf7 {1-0 (42) Bellon Lopez,J (2415)-Antonano Fedz Quincoces,A Spain 1993}) 8. Qb3 {[%emt 0:02:05] The position is equal.} Kh8 9. Nf4 e5 10. dxe5 dxe5 11. Ne6 Bxe6 12. Qxe6 Nd7 (12... Ng4 $1 $11 {feels stronger.} 13. Bxe7 Qxe7 14. Qxe7 Nxe7) 13. Bxc6 {[%emt 0:09:54] White has more active pieces.} ({Better is} 13. Bxe7 $16 Nxe7 14. O-O-O) 13... Bxg5 $11 14. Nf3 $36 {[%emt 0:01:11][%mdl 2048] White has the initiative.} bxc6 15. Rd1 $1 (15. Nxg5 Qxg5 16. Qxd7 Rad8 17. Qxc6 Qd2+ 18. Kf1 f4 $15) 15... e4 $2 {[%emt 0:13:12] [#] Black cannot hold the game after this.} (15... Nc5 16. Qxc6 Qe7 17. Nxg5 $16) (15... Qf6 $1 $11 {and Black stays safe.} 16. Nxg5 Nb6 17. Qxf6 Rxf6) 16. Rxd7 $18 Qf6 17. Nxg5 Qxg5 18. e3 Rab8 19. b3 Rbd8 20. Qxc6 h5 $2 (20... Rxd7 {was called for.} 21. Qxd7 Qd8) 21. h4 ({Don't play} 21. Qxc7 Rxd7 22. Qxd7 Qf6 $18) (21. Rxc7 Rf6 22. Qb5 Rfd6 $16) 21... Qg4 {[%emt 0:00:03][%cal Of5f4] ...f4! is the strong threat.} 22. O-O Rde8 {[%emt 0:02:19] [#]} (22... f4 $142 23. Rxd8 (23. Rxc7 {is a self mate.} fxg3) 23... Rxd8 24. Qxc7 Rd2 25. Qxf4 (25. exf4 e3 $11) 25... Qxf4 26. exf4 Rxa2) 23. Rf7 $3 Kg8 24. Rxf8+ Rxf8 25. Qxc7 f4 26. Qc4+ Kh8 27. Qxe4 {[%emt 0:00:22] Weighted Error Value: White=0.09 (flawless) /Black=0.45} 1-0